 Dungeon Crawl Stone Soup version 0.19-a0-1682-g5114f93 (webtiles) character file.

78 mrath the Cudgeler (level 4, -7/39 HPs)
             Began as a Minotaur Fighter on Sept 24, 2016.
             Mangled by Sigmund
             ... wielding a +0 scythe
              (10 damage)
             ... on level 3 of the Dungeon.
             The game lasted 00:06:01 (1561 turns).

mrath the Cudgeler (Minotaur Fighter)               Turns: 1561, Time: 00:06:02

Health: -7/39      AC:  7    Str: 27    XL:     4   Next: 15%
Magic:  3/3        EV:  7    Int:  5    God:
Gold:   112        SH: 10    Dex:  9    Spells: 0 memorised, 3 levels left

rFire  . . .     SeeInvis .     a - +0 flail
rCold  . . .     Gourm    .     b - +0 scale mail
rNeg   . . .     Faith    .     c - +0 shield
rPois  .         Spirit   .     (helmet restricted)
rElec  .         Dismiss  .     (no cloak)
rCorr  .         Reflect  .     (no gloves)
MR     .....     Harm     .     (no boots)
Stlth  ..........               (no amulet)
                                (no ring)
                                (no ring)

@: mighty
A: retaliatory headbutt, horns 2
a: no special abilities


You were on level 3 of the Dungeon.
You were not hungry.

You visited 1 branch of the dungeon, and saw 3 of its levels.

You collected 112 gold pieces.

Inventory:

Hand Weapons
 a - a +0 flail (weapon)
Missiles
 r - 12 stones (quivered)
Armour
 b - a +0 scale mail (worn)
 c - a +0 shield (worn)
Jewellery
 e - an uncursed ring of magical power {unknown}
Scrolls
 h - a scroll of noise {unknown}
 k - 2 scrolls of remove curse {unknown}
 m - 3 scrolls of identify {unknown}
 o - 2 scrolls of fear {unknown}
 t - a scroll of enchant weapon {unknown}
 u - a scroll of blinking {unknown}
 v - a scroll of teleportation {unknown}
Potions
 g - a potion of degeneration {unknown}
 i - a potion of curing {unknown}
 j - 2 potions of brilliance {unknown}
 p - a potion of haste {unknown}
Books
 q - a book of the Tempests

   Spells                             Type                      Level
   a - Static Discharge               Conjuration/Air              3
   b - Lightning Bolt                 Conjuration/Air              5
   c - Fireball                       Conjuration/Fire             5
   d - Tornado                        Air                          9
   e - Shatter                        Earth                        9
Comestibles
 f - 3 bread rations
 l - 2 slices of pizza
 n - a meat ration
 s - 2 chunks of flesh


   Skills:
 - Level 3.6 Fighting
 + Level 5.4 Maces & Flails
 - Level 3.6 Armour
 - Level 3.6 Shields


You had 3 spell levels left.
You didn't know any spells.

Dungeon Overview and Level Annotations

Branches:
Dungeon (3/15)

Altars:
Nemelex Xobeh

Annotations:
D:3 Sigmund


Innate Abilities, Weirdness & Mutations

You reflexively headbutt those who attack you in melee.
You have a pair of horns on your head.


Message History

The bat closely misses you. You furiously retaliate!
You headbutt the bat!
You kill the bat!
Sigmund gestures wildly while chanting.
Sigmund flickers and vanishes!
Deactivating autopickup; reactivate with Ctrl-A.
Something hits you.
Things that are here:
a short sword; a kobold corpse You barely miss something.
Your headbutt misses something. Something hits you!
You barely miss something. Something hits you.
You miss something. Something hits you.
Your scale mail prevents you from hitting something.
Something hits you!
* * * LOW HITPOINT WARNING * * *
You barely miss something. You closely miss something. You headbutt something!
Something hits you.
* * * LOW HITPOINT WARNING * * *
Your shield and scale mail prevent you from hitting something.
Your headbutt misses something. Something hits you!
You die...

## .. . .. ..###
.. .##.... #..
.....###### ..
##............#...
.(...#........#.#
#....>........#
#.{@.......#
#........)#
#.........#
##.........###
#.......<.....#
%............#....
#.###..#####......
.. #.## .#..$. #.
......


There were no monsters in sight!

Vanquished Creatures
  An adder (D:2)
  An ooze (D:2)
  2 worms (D:2)
  A dart slug (D:2)
  5 leopard geckos
  An orc (D:2)
  6 bats
  5 giant cockroaches
  5 goblins
  7 hobgoblins
  A quokka (D:2)
  6 frilled lizards
  2 kobolds
  6 rats
49 creatures vanquished.

Notes
Turn   | Place    | Note
-------+----------+-------------------------------------------
     0 | D:1      | mrath the Minotaur Fighter began the quest for the Orb.
     0 | D:1      | Reached XP level 1. HP: 19/19 MP: 0/0
     0 | D:1      | Noticed a troll
     0 | D:1      | Noticed a ghoul
     1 | D:1      | Noticed a felid
     3 | D:1      | Noticed a human
     5 | D:1      | Noticed a naga
    14 | D:1      | Noticed a minotaur
    16 | D:1      | Noticed a vine stalker
    82 | D:1      | Reached skill level 3 in Maces & Flails
   125 | D:1      | Reached XP level 2. HP: 13/26 MP: 1/1
   473 | D:1      | Reached skill level 4 in Maces & Flails
   665 | D:1      | Reached XP level 3. HP: 31/31 MP: 2/2
   854 | D:2      | Found a sparkling altar of Nemelex Xobeh.
   921 | D:2      | Reached skill level 5 in Maces & Flails
  1323 | D:2      | Reached XP level 4. HP: 39/39 MP: 3/3
  1551 | D:3      | Noticed Sigmund
  1561 | D:3      | Mangled by Sigmund

Vault maps used:
D:1:      shiori_arrival_whats_in_store_for_you
D:2:      first_bread, nemelex_dance_club_becter
D:3:      hex_large, hangedman_decor_peaks_small, minmay_misc_feat_diagonals,
          minivault_11, led_sif_pool, uniq_sigmund

Skill      XL: |  1  2  3 |
---------------+----------+-----
Maces & Flails | 3 4 5 |  5.4
Fighting       | |  3.6
Armour         | |  3.6
Shields        | |  3.6

Action                   |  1- 3 |  4- 6 || total
-------------------------+-------+-------++-------
Melee: Flail             |   112 |    16 ||   128
       Headbutt          |    10 |     2 ||    12
  Use: Potion            |       |     1 ||     1
  Eat: Chunk             |     1 |     1 ||     2
Armor: Scale mail        |    37 |     4 ||    41
Dodge: Dodged            |    29 |     3 ||    32
Block: Shield            |    68 |     3 ||    71
